 Dungeon Crawl Stone Soup version 0.27.0-1-g7a089689b8 (webtiles) character file.

Game seed: 8833552671764632842

10299 scisormetimb3rs the Fighter (level 11, 0/74 HPs)
             Began as a Gargoyle Fighter on Aug 8, 2021.
             Was a Priest of the Shining One.
             Slain by an ettin (24 damage)
             ... on level 11 of the Dungeon.
             The game lasted 00:18:48 (11969 turns).

scisormetimb3rs the Fighter (Gargoyle Fighter)     Turns: 11969, Time: 00:18:50

Health: 0/74       AC: 33    Str: 24    XL:     11   Next: 59%
Magic:  0/15       EV:  7    Int:  8    God:    the Shining One [***...]
Gold:   658        SH: 12    Dex: 19    Spells: 10/10 levels left

rFire    . . .     SeeInvis +   m - +2 flail (holy)
rCold    x . .     Faith    .   c - +0 kite shield
rNeg     + + +     Spirit   +   D - +10 chain mail "Rikk" {Rampage rC- rN+ Dex+4}
rPois    ∞         Reflect  .   s - +2 helmet
rElec    +         Harm     .   M - +0 cloak
rCorr    .         Rampage  +   (no gloves)
Will     .....                  (no boots)
Stlth    ..........             E - amulet of guardian spirit
HPRegen  0.22/turn              p - +6 ring of dexterity
MPRegen  0.14/turn              u - ring of see invisible

@: mighty, glowing
A: sickness immunity, AC +8, negative energy resistance 1, electricity
resistance, torment resistance 1, petrification resistance
a: Renounce Religion, Divine Shield


You were on level 11 of the Dungeon.
You worshipped the Shining One.
The Shining One was most pleased with you.
You visited 2 branches of the dungeon, and saw 12 of its levels.
You also visited: Ossuary.

You collected 818 gold pieces.
You spent 160 gold pieces at shops.

Inventory:

Hand Weapons
 a - a +0 flail
 m - a +2 flail of holy wrath (weapon)
Missiles
 d - 3 throwing nets (quivered)
Armour
 c - a +0 kite shield (worn)
 s - a +2 helmet (worn)
 D - the +10 chain mail "Rikk" (worn) {Rampage rC- rN+ Dex+4}
   (You found it on level 6 of the Dungeon)

   Dex:       It affects your dexterity (+4).
   rC:        It makes you vulnerable to cold.
   rN:        It protects you from negative energy.
   Rampage:   It bestows one free step when moving towards enemies.
 J - a +0 plate armour
 M - a +0 cloak (worn)
Jewellery
 p - a +6 ring of dexterity (left hand)
 t - a ring of fire
 u - a ring of see invisible (right hand)
 E - an amulet of guardian spirit (around neck)
 N - a ring of ice
 Q - an amulet of regeneration
Wands
 b - a wand of polymorph (5)
 k - a wand of iceblast (28)
 r - a wand of mindburst (8)
 F - a wand of acid (8)
 K - a wand of flame (13)
 O - a wand of digging (5)
Scrolls
 e - 6 scrolls of amnesia
 g - 3 scrolls of fear
 h - 3 scrolls of noise
 n - 4 scrolls of magic mapping
 o - a scroll of enchant weapon
 q - 3 scrolls of immolation
 w - 4 scrolls of teleportation
 y - 2 scrolls of holy word {unknown}
 A - 3 scrolls of enchant armour
 G - 2 scrolls of vulnerability
 I - a scroll of acquirement {unknown}
Potions
 f - a potion of magic
 i - a potion of ambrosia
 j - 3 potions of heal wounds
 l - 2 potions of degeneration
 v - a potion of might
 x - 2 potions of brilliance
 z - a potion of berserk rage {unknown}
 B - a potion of attraction {unknown}
 C - 4 potions of mutation {unknown}
 H - 2 potions of haste
 L - 2 potions of lignification {unknown}
 P - a potion of resistance {unknown}


   Skills:
 * Level 11.0 Fighting
 * Level 10.0 Maces & Flails
 + Level 8.3 Armour
 + Level 8.3 Shields
 + Level 6.6 Invocations


You had 10 spell levels left.
You didn't know any spells.
Your spell library contained the following spells:

 Spells                   Type           Power      Damage    Failure   Level
 Foxfire                  Conj/Fire      0%         2x1d4     99%         1
 Shock                    Conj/Air       0%         1d3       99%         1
 Summon Small Mammal      Summ           0%         N/A       99%         1
 Blink                    Tloc           N/A        N/A       100%        2
 Slow                     Hex            0%         N/A       100%        2
 Call Canine Familiar     Summ           0%         N/A       100%        3
 Confusing Touch          Hex            0%         N/A       100%        3
 Conjure Flame            Conj/Fire      0%         6-21      100%        3
 Gell's Gravitas          Tloc           0%         N/A       100%        3
 Ignite Poison            Fire/Tmut/Pois 0%         N/A       100%        3
 Inner Flame              Hex/Fire       0%         N/A       100%        3
 Lesser Beckoning         Tloc           0%         N/A       100%        3
 Mephitic Cloud           Conj/Pois/Air  0%         N/A       100%        3
 Summon Guardian Golem    Hex/Summ       0%         N/A       100%        3
 Swiftness                Air            0%         N/A       100%        3
 Teleport Other           Tloc           0%         N/A       100%        3
 Vampiric Draining        Necr           0%         2d6       100%        3
 Airstrike                Air            0%         N/A       100%        4
 Passage of Golubria      Tloc           N/A        N/A       100%        4
 Bolt of Magma            Conj/Fire/Erth 0%         4d4       100%        5
 Manifold Assault         Tloc           0%         N/A       100%        5
 Silence                  Hex/Air        0%         N/A       100%        5
 Dispersal                Tloc           0%         N/A       100%        6
 Lehudib's Crystal Spear  Conj/Erth      0%         10d2      100%        8


Dungeon Overview and Level Annotations

Branches:
Dungeon (11/15)            Temple (1/1) D:4             Orc (0/2) D:10
Ossuary (visited)
   Lair: D:8-11

Altars:
Ashenzari
Cheibriados
Dithmenos
Elyvilon
Fedhas
Gozag
Hepliaklqana
Kikubaaqudgha
Makhleb
Nemelex Xobeh
Okawaru
Qazlal
Ru
Sif Muna
Trog
Uskayaw
Vehumet
Wu Jian
Xom
Yredelemnul
Zin
The Shining One

Shops:
D:9 *   D:10 (


Innate Abilities, Weirdness & Mutations

You are immune to sickness and miasma.
Your stone body is resilient. (AC +8)
You are immune to poison.
You resist negative energy. (rN+)
You are resistant to electric shocks. (rElec)
You are resistant to unholy torment.
You are immune to petrification.


Message History

An ettin comes into view. It is wielding two +0 dire flails.
The centaur warrior unwields a +0 shortbow.
The centaur warrior closely misses you. You block the centaur warrior's attack.
You hit the centaur warrior.
The centaur warrior is moderately wounded.
The centaur warrior hits you.
You block the centaur warrior's attack. x2
The centaur warrior kicks you but does no damage.
Unknown command.
The centaur warrior wields a +0 shortbow.
The centaur warrior shoots an arrow.
You block the arrow.
There is an open door here.
You feel very mighty all of a sudden.
The centaur warrior shoots an arrow.
The arrow hits you but does no damage.
The centaur warrior shoots an arrow.
The arrow hits you!
The centaur warrior shoots an arrow.
The arrow hits you.
The ettin hits you with a +0 dire flail.
The ettin closely misses you.
You sock the ettin!
The ettin is lightly wounded.
The centaur warrior shoots an arrow.
The arrow hits you. The ettin closely misses you.
The ettin hits you with a +0 dire flail!
You bludgeon the ettin!!
The ettin is heavily wounded.
The centaur warrior shoots an arrow.
You block the arrow. The ettin hits you but does no damage.
The ettin hits you with a +0 dire flail!
You sock the ettin!
The ettin is severely wounded.
The centaur warrior shoots an arrow.
The arrow hits you but does no damage. The ettin hits you but does no damage.
The ettin hits you with a +0 dire flail!
Unknown command.
You sock the ettin!
The ettin is almost dead.
The centaur warrior unwields a +0 shortbow.
You block the centaur warrior's attack.
The centaur warrior kicks you but does no damage.
The ettin hits you with a +0 dire flail!!
You die...

#.....#.....#.....#
#..#..#.....'.....#
#.....#..(..#[o...#
##.....##..)#####..#
+##.......##)##...##.#
.............#.....#
......#......'.....#
........[..####...#
##.......###.c@..##
##.....##...C####
#.....#.....#
##...##.....#
#...#.......# ####.
#...#......... .....
#...#.......... #.#..
##.################.#.#
#.####### #....#.#.#


You could see an ettin and a centaur warrior.

Vanquished Creatures
  2 two-headed ogres (D:9)
  A tengu warrior (D:11)
  A cyclops (D:11)
  A centaur zombie (D:10)
  Maggie (D:10)
  Psyche (D:10)
  A komodo dragon (D:11)
  A hornet (D:7)
  A wraith (D:6)
  2 wyverns
  9 yaks
  Sigmund (D:2)
  A basilisk (D:11)
  Grum (D:10)
  2 steam dragons
  An acid dragon (D:11)
  2 water moccasins
  4 sky beasts
  6 orc warriors
  An ice beast (D:7)
  An ogre (D:6)
  4 wolves (D:9)
  3 centaurs
  3 bullfrogs
  3 kobold brigands
  2 scorpions
  A water moccasin zombie (D:5)
  4 killer bees (D:7)
  5 wights (D:8)
  7 howler monkeys
  3 orc priests
  3 hounds
  A gnoll shaman (D:10)
  A centaur skeleton (D:7)
  A jelly (D:4)
  Terence (D:2)
  Natasha (twice) (D:2)
  15 orc wizards
  2 iguanas
  A killer bee zombie (D:7)
  A hound skeleton (D:4)
  2 howler monkey zombies
  8 mummies (Ossuary)
  Robin (D:2)
  10 gnolls
  3 adders
  2 white imps
  An ufetubus (D:7)
  2 worms
  A dart slug (D:1)
  39 orcs
  5 bats
  10 endoplasms
  2 giant cockroaches
  A gnoll zombie (Ossuary)
  17 goblins
  4 hobgoblins
  21 jackals
  5 quokkas
  4 ball pythons
  5 frilled lizards
  2 hobgoblin zombies (Ossuary)
  19 kobolds
  A kobold zombie (Ossuary)
  4 orc zombies (Ossuary)
  5 rats
278 creatures vanquished.

Vanquished Creatures (others)
  A plant (D:1)
1 creature vanquished.

Grand Total: 279 creatures vanquished

Notes
Turn   | Place    | Note
-------+----------+-------------------------------------------
     0 | D:1      | scisormetimb3rs the Gargoyle Fighter began the quest for
                  | the Orb.
     0 | D:1      | Reached XP level 1. HP: 14/14 MP: 1/1
   268 | D:1      | Found a faded altar of an unknown god.
   321 | D:1      | Reached XP level 2. HP: 17/19 MP: 2/2
   975 | D:1      | Reached XP level 3. HP: 24/24 MP: 3/3
  1233 | D:2      | Noticed Terence
  1251 | D:2      | Killed Terence
  1252 | D:2      | Reached skill level 4 in Fighting
  1252 | D:2      | Reached XP level 4. HP: 15/29 MP: 4/4
  1773 | D:2      | Noticed Robin
  1943 | D:2      | Killed Robin
  2281 | D:2      | Reached XP level 5. HP: 32/34 MP: 5/5
  2419 | D:3      | Noticed Natasha
  2630 | D:2      | Killed Natasha
  2764 | D:3      | Noticed Sigmund
  3443 | D:2      | Noticed Natasha
  3481 | D:2      | Killed Natasha
  3482 | D:2      | Reached XP level 6. HP: 31/40 MP: 6/6
  3581 | D:2      | Killed Sigmund
  3582 | D:2      | Reached skill level 5 in Fighting
  4596 | D:4      | Reached XP level 7. HP: 43/44 MP: 7/7
  4990 | D:4      | Found a staircase to the Ecumenical Temple.
  5013 | Temple   | Entered the Ecumenical Temple
  5063 | Temple   | Became a worshipper of the Shining One
  5361 | D:4      | Found a shadowy altar of Dithmenos.
  5427 | D:4      | Reached skill level 6 in Fighting
  5427 | D:4      | Reached skill level 5 in Maces & Flails
  5566 | D:4      | Found a sparkling altar of Nemelex Xobeh.
  5585 | D:5      | Entered Level 5 of the Dungeon
  5593 | D:5      | Found a sand-covered staircase.
  5597 | Ossuary  | Entered an ossuary
  5616 | Ossuary  | Reached * piety under the Shining One
  5694 | Ossuary  | Reached skill level 1 in Invocations
  5922 | Ossuary  | Reached skill level 5 in Shields
  6335 | D:5      | Reached XP level 8. HP: 51/51 MP: 8/8
  6522 | D:5      | Reached skill level 5 in Armour
  7432 | D:6      | Identified the +10 chain mail "Rikk" {Rampage rC- rN+
                  | Dex+4}
  7472 | D:6      | Reached skill level 7 in Fighting
  7485 | D:6      | Reached ** piety under the Shining One
  7594 | D:6      | Noticed a wraith
  7599 | D:6      | Killed a wraith
  7600 | D:6      | Reached XP level 9. HP: 57/57 MP: 11/11
  7946 | D:7      | Noticed a hornet
  7959 | D:7      | Killed a hornet
  8109 | D:7      | Identified the +4 hunting sling "Vocoyt" {speed, rF+ Str+2}
  8168 | D:7      | Reached skill level 8 in Fighting
  9101 | D:7      | Reached XP level 10. HP: 51/65 MP: 13/13
  9177 | D:7      | Reached skill level 9 in Fighting
  9227 | D:8      | Found a radiant altar of Vehumet.
  9264 | D:8      | Reached *** piety under the Shining One
  9303 | D:8      | Found an ornate altar of the Wu Jian Council.
  9303 | D:8      | Found a bloodstained altar of Trog.
  9776 | D:9      | Reached skill level 5 in Invocations
  9922 | D:9      | Noticed a two-headed ogre
  9930 | D:9      | Killed a two-headed ogre
 10327 | D:9      | Reached skill level 10 in Fighting
 10450 | D:9      | Found Jicluker's General Store.
 10454 | D:9      | Bought a scroll of fear for 56 gold pieces
 10454 | D:9      | Bought a scroll of fear for 56 gold pieces
 10454 | D:9      | Bought a scroll of teleportation for 48 gold pieces
 10511 | D:9      | Noticed a two-headed ogre
 10519 | D:9      | Killed a two-headed ogre
 10520 | D:9      | Reached XP level 11. HP: 73/73 MP: 15/15
 10663 | D:10     | Entered Level 10 of the Dungeon
 10771 | D:10     | Noticed Grum
 10875 | D:10     | Killed Grum
 10899 | D:10     | Found a blossoming altar of Fedhas.
 10899 | D:10     | Found a glowing silver altar of Zin.
 10899 | D:10     | Found a snail-covered altar of Cheibriados.
 11030 | D:10     | Noticed Psyche
 11036 | D:10     | Killed Psyche
 11064 | D:10     | Found a staircase to the Orcish Mines.
 11065 | D:10     | Found Adusut's Weapon Boutique.
 11224 | D:10     | Found a shimmering blue altar of Sif Muna.
 11368 | D:10     | Noticed Maggie
 11380 | D:10     | Killed Maggie
 11793 | D:11     | Noticed a cyclops
 11802 | D:11     | Killed a cyclops
 11806 | D:11     | Noticed a tengu warrior
 11826 | D:11     | Killed a tengu warrior
 11827 | D:11     | Reached skill level 11 in Fighting
 11827 | D:11     | Reached skill level 10 in Maces & Flails
 11958 | D:11     | Noticed a centaur warrior
 11960 | D:11     | Noticed an ettin
 11969 | D:11     | Slain by an ettin

Illustrated notes

Levels and vault maps discovered:
D:1:      roderic_dead_forest, layout_loops_ring,
          dreamdust_ecumenical_altar_angels_and_demons, solitary_fountain,
          serial_bayou_crossing
D:2:      layout_basic, minmay_crystal_room, uniq_robin, uniq_terence
D:3:      layout_loops_ring, uniq_natasha, uniq_sigmund
D:4:      layout_basic, nicolae_dithmenos_through_a_glass_darkly,
          mainiacjoe_overflow_alcove_1, minmay_temple_entry_trees,
          kennysheep_generic_room_5
D:5:      layout_layer_cave, enter_ossuary_5
D:6:      layout_cave_pools
D:7:      layout_basic
D:8:      layout_cave_pools, gammafunk_temple_overflow_wave,
          fiery_altar_vehumet, serial_column_ruins, column_ruins_square_medium,
          column_ruins_open_tiny_water, column_ruins_columns_corner,
          column_ruins_open_small, column_ruins_corridor_straight,
          column_ruins_grid_1, column_ruins_grid_1
D:9:      layout_irregular_city, serial_shops, nicolae_shop_crystal
D:10:     layout_basic, mainiacjoe_overflow_concentric_impassable,
          gammafunk_temple_overflow_claw, orc_david_3, uniq_grum, uniq_psyche,
          uniq_maggie
D:11:     minmay_box_of_curves, layout_basic, lair_entry_dummy
Temple:   dshaligram_water_room_temple

Skill      XL: |  1  2  3  4  5  6  7  8  9 10 11 |
---------------+----------------------------------+-----
Fighting       | 4 5 6 7 8 10 11 | 11.0
Maces & Flails | 3 4 5 6 7 9 10 | 10.0
Shields        | 4 5 6 7 8 |  8.3
Armour         | 4 5 6 7 8 |  8.3
Invocations    | 1 3 4 6 |  6.6

Action                   |  1- 3 |  4- 6 |  7- 9 | 10-12 || total
-------------------------+-------+-------+-------+-------++-------
Melee: Flail             |   104 |   276 |   344 |   331 ||  1055
Evoke: Wand              |       |       |       |     8 ||     8
  Use: Scroll            |       |     1 |     9 |     4 ||    14
       Potion            |       |     2 |       |     1 ||     3
Armor: Scale mail        |    80 |   197 |   126 |       ||   403
       Chain mail        |       |       |   129 |   216 ||   345
Dodge: Dodged            |    49 |   106 |   109 |    73 ||   337
Block: Kite shield       |    68 |   168 |   225 |   249 ||   710
